Minnesota North Stars vs New York Rangers
(R1)
Created - Saturday, June 8, 2024 at 08:33
Goals
|
| Minnesota North Stars |
0 |
0 |
1 |
1 |
| New York Rangers |
0 |
2 |
2 |
4 |
|
Shots
|
| Minnesota North Stars |
4 |
3 |
15 |
22 |
| New York Rangers |
3 |
14 |
16 |
33 |
|
1st period
No Goal
Penalties :
Pierre-Luc Dubois (NYR) for Delaying the game (Minor) at 4:18, Sean Durzi (MNS) for Roughing (Minor) at 6:28, Cam Fowler (NYR) for Holding (Minor) at 14:56
2nd period
1. New York Rangers , Tyler Motte 1 (Cam Fowler 1, Dmitry Kulikov 1) at 14:35
2. New York Rangers , Matthew Benning 1 (Filip Chytil 1, Conor Garland 1) at 14:51
Penalties :
Dmitry Kulikov (NYR) for Fighting (Major) at 2:38, Brock Nelson (MNS) for Fighting (Major) at 2:38, Frank Vatrano (MNS) for Slashing (Minor) at 9:46, Evgeni Malkin (MNS) for Tripping (Minor) at 12:09, Sean Durzi (MNS) for Goalie Interference (Minor) at 14:56
3rd period
3. New York Rangers , Mathew Barzal 1 (Mikael Granlund 1) at 6:21 (PP)
4. New York Rangers , Artemi Panarin 1 (Pierre-Luc Dubois 1) at 14:08 (PP)
5. Minnesota North Stars , Jeff Skinner 1 (Neal Pionk 1) at 14:22
Penalties :
Neal Pionk (MNS) for Slashing (Minor) at 0:43, Gabriel Landeskog (NYR) for Goalie Interference (Minor) at 1:58, Rasmus Dahlin (MNS) for High sticking (Minor) at 6:17, Jeff Skinner (MNS) for Boarding (Minor) at 6:34, Rasmus Dahlin (MNS) for Roughing (Double Minor) at 8:07, Gustav Forsling (MNS) for Roughing (Minor) at 13:59, Mark Giordano (NYR) for Tripping (Minor) at 15:28, Filip Chytil (NYR) for Tripping (Minor) at 17:41
Goalie Stats
Stuart Skinner (MNS), 29 saves from 33 shots - (0.879), L, 0-1-0, 60:00 minutes
Igor Shesterkin (NYR), 21 saves from 22 shots - (0.955), W, 1-0-0, 60:00 minutes
Players Stats for Minnesota North Stars
Player Name G A P +/- PIM S H SB GA TA FO MP PP MP PK MP
------------------------------------------------------------------------------------
Adam Lowry 0 0 0 0 0 1 1 0 0 0 5/7 18:08 0:17 6:35
Brandon Montour 0 0 0 -1 0 0 1 0 1 1 0/0 17:32 4:58 0:44
Brock Nelson 0 0 0 -1 5 1 0 0 1 0 0/0 10:15 3:47 0:00
Eeli Tolvanen 0 0 0 0 0 0 0 0 0 1 0/0 6:58 0:00 0:00
Evan Rodrigues 0 0 0 0 0 1 1 0 0 0 0/0 6:58 0:00 0:00
Evgeni Malkin 0 0 0 -1 2 4 1 0 0 0 7/11 16:51 5:12 1:04
Frank Vatrano 0 0 0 0 2 2 4 0 0 0 1/1 14:13 4:35 0:00
Gustav Forsling 0 0 0 0 2 0 2 3 1 0 0/0 23:45 4:13 7:17
Jack Hughes 0 0 0 0 0 2 0 0 0 0 2/10 11:22 0:12 0:13
Jamie Oleksiak 0 0 0 0 0 0 2 0 0 1 0/0 23:49 4:13 7:20
Jeff Skinner 1 0 1 0 2 2 2 1 1 0 0/0 13:40 3:47 1:00
Jonathan Toews 0 0 0 0 0 2 1 2 0 0 7/13 14:57 0:00 7:04
Neal Pionk 0 1 1 0 2 1 1 3 0 0 0/0 18:19 0:37 6:29
Rasmus Dahlin 0 0 0 -1 6 1 3 2 1 1 0/0 22:40 4:58 5:13
Ryan Nugent-Hopkins 0 0 0 0 0 3 2 0 0 0 9/16 20:35 4:33 6:53
Sean Durzi 0 0 0 0 4 0 1 2 0 2 0/0 14:16 0:00 2:48
Viktor Arvidsson 0 0 0 0 0 0 0 1 0 1 0/0 9:40 0:00 0:00
Zach Parise 0 0 0 -1 0 2 3 1 0 0 1/1 19:46 4:33 6:37
Players Stats for New York Rangers
Player Name G A P +/- PIM S H SB GA TA FO MP PP MP PK MP
------------------------------------------------------------------------------------
Adam Larsson 0 0 0 0 0 1 4 3 1 0 0/0 25:20 8:15 4:36
Artemi Panarin 1 0 1 -1 0 6 0 0 1 0 1/1 19:10 7:12 0:18
Cam Fowler 0 1 1 0 2 3 0 1 0 0 0/0 12:51 0:16 0:33
Cole Caufield 0 0 0 0 0 0 0 0 0 0 0/1 16:56 6:51 0:23
Conor Garland 0 1 1 1 0 2 0 0 0 0 0/0 8:45 0:34 0:00
David Kampf 0 0 0 1 0 0 0 0 0 0 4/6 10:53 0:53 4:12
Dmitry Kulikov 0 1 1 0 5 2 1 2 0 0 0/0 13:22 0:00 4:11
Eric Robinson 0 0 0 1 0 1 1 2 0 1 0/0 11:10 0:19 4:13
Filip Chytil 0 1 1 1 2 1 0 0 0 0 0/1 14:18 5:56 0:00
Gabriel Landeskog 0 0 0 0 2 2 1 0 0 0 0/0 17:30 7:08 0:00
Jake McCabe 0 0 0 1 0 0 3 0 1 1 0/0 12:32 0:00 0:57
Mark Giordano 0 0 0 0 2 0 2 0 0 1 0/0 21:19 5:56 3:34
Mathew Barzal 1 0 1 0 0 4 1 0 1 1 2/6 17:20 6:51 1:04
Matthew Benning 1 0 1 1 0 3 0 2 0 0 0/0 18:21 0:45 4:31
Mikael Granlund 0 1 1 1 0 1 2 1 0 0 7/19 15:18 6:51 0:19
Nathan MacKinnon 0 0 0 -1 0 4 1 0 2 0 2/4 21:10 8:46 0:18
Pierre-Luc Dubois 0 1 1 -1 2 1 1 0 0 0 11/21 22:52 7:12 3:29
Tyler Motte 1 0 1 1 0 2 1 0 1 1 0/0 10:52 0:54 4:06
3 Stars
1 - Tyler Motte (NYR)
2 - Matthew Benning (NYR)
3 - Igor Shesterkin (NYR)
Power Play
Minnesota North Stars - 0 on 5 Attempt(s) - 0.00%
New York Rangers - 2 on 10 Attempt(s) - 20.00%
Penalty Kill
Minnesota North Stars - 8 on 10 Attempt(s) - 80.00%
- Score 0 goal in Penalty Kill
New York Rangers - 5 on 5 Attempt(s) - 100.00%
- Score 0 goal in Penalty Kill
Team Stat
Minnesota North Stars - Hits : 25 - Faceoff Wins : 32 - Blocked Shots : 15 - Penalty Minutes : 25
New York Rangers - Hits : 18 - Faceoff Wins : 27 - Blocked Shots : 11 - Penalty Minutes : 15
Official
Referees : Ghislain Hebert and Tim Peel
Linesman : Lonnie Cameron and Bryan Pancich
Game Notes
Dmitry Kulikov and Brock Nelson fight to a draw at 2:38 of 2nd period
Finance
Level 1 -- Attendance: 5743 (95.72%) -- Ticket Income $585,786
Level 2 -- Attendance: 4375 (87.50%) -- Ticket Income $275,625
Level 3 -- Attendance: 2131 (71.03%) -- Ticket Income $87,371
Level 4 -- Attendance: 4185 (83.70%) -- Ticket Income $117,180
Luxury Box -- Attendance: 920 (92.00%) -- Ticket Income $179,400
Game was played at the Madison Square Garden.
Total Attendance: 17354 (86.77%)
Total Ticket Income: $1,245,362
Other Income: $435,877
Total Income: $1,681,239
Minnesota North Stars
5 vs 5 Forward
Center Left Wing Right Wing Time % Phy DF OF
1 Ryan Nugent-Hopkins Frank Vatrano Jeff Skinner 29 1 2 2
2 Evgeni Malkin Brock Nelson Zach Parise 29 1 2 2
3 Jack Hughes Viktor Arvidsson Adam Lowry 29 1 2 2
4 Jonathan Toews Eeli Tolvanen Evan Rodrigues 13 1 2 2
5 vs 5 Defense
Defense Defense Time % Phy DF OF
1 Rasmus Dahlin Brandon Montour 34 1 2 2
2 Jamie Oleksiak Gustav Forsling 33 1 2 2
3 Neal Pionk Sean Durzi 33 1 2 2
4 Rasmus Dahlin Brandon Montour 0 1 2 2
PowerPlay Forward
Center Left Wing Right Wing Time % Phy DF OF
1 Ryan Nugent-Hopkins Brock Nelson Jeff Skinner 50 1 2 2
2 Evgeni Malkin Frank Vatrano Zach Parise 50 1 2 2
PowerPlay Defense
Defense Defense Time % Phy DF OF
1 Rasmus Dahlin Brandon Montour 50 1 2 2
2 Jamie Oleksiak Gustav Forsling 50 1 2 2
Penalty Kill 4 Players Forward
Center Wing Time % Phy DF OF
1 Jonathan Toews Ryan Nugent-Hopkins 50 1 2 2
2 Adam Lowry Zach Parise 50 1 2 2
Penalty Kill 4 Players Defense
Defense Defense Time % Phy DF OF
1 Rasmus Dahlin Neal Pionk 50 1 3 1
2 Jamie Oleksiak Gustav Forsling 50 1 3 1
Penalty Kill - 3 Players Forward
Forward Time % Phy DF OF
1 Adam Lowry 50 1 2 2
2 Jonathan Toews 50 1 2 2
Penalty Kill - 3 Players Defense
Defense Defense Time % Phy DF OF
1 Rasmus Dahlin Brandon Montour 50 1 2 2
2 Jamie Oleksiak Gustav Forsling 50 1 2 2
4 vs 4 Forward
Center Wing Time % Phy DF OF
1 Ryan Nugent-Hopkins Evgeni Malkin 50 1 2 2
2 Jack Hughes Frank Vatrano 50 1 2 2
4 vs 4 Defense
Defense Defense Time % Phy DF OF
1 Rasmus Dahlin Brandon Montour 50 1 2 2
2 Jamie Oleksiak Gustav Forsling 50 1 2 2
Last Minutes Offensive
Center Left Wing Right Wing Defense Defense
Ryan Nugent-Hopkins Brock Nelson Jeff Skinner Rasmus Dahlin Brandon Montour
Last Minutes Defensive
Center Left Wing Right Wing Defense Defense
Ryan Nugent-Hopkins Zach Parise Frank Vatrano Jamie Oleksiak Rasmus Dahlin
Goaltenders
Starting : Stuart Skinner
Backup : Antti Raanta
Extra Forwards
Normal : Adam Lowry, Jack Hughes, Jonathan Toews - PP : Adam Lowry, Jack Hughes - PK : Jonathan Toews
Extra Defensemen
Normal : Neal Pionk, Sean Durzi, Jamie Oleksiak - PP : Neal Pionk - PK : Sean Durzi, Jamie Oleksiak
Penalty Shots
Ryan Nugent-Hopkins, Evgeni Malkin, Brock Nelson, Jeff Skinner, Jack Hughes
New York Rangers
5 vs 5 Forward
Center Left Wing Right Wing Time % Phy DF OF
1 Pierre-Luc Dubois Artemi Panarin Nathan MacKinnon 37 0 1 4
2 Mathew Barzal Cole Caufield Gabriel Landeskog 30 1 1 3
3 Mikael Granlund Filip Chytil Conor Garland 23 1 2 2
4 David Kampf Eric Robinson Tyler Motte 10 1 3 1
5 vs 5 Defense
Defense Defense Time % Phy DF OF
1 Cam Fowler Dmitry Kulikov 35 1 2 2
2 Adam Larsson Mark Giordano 33 1 2 2
3 Matthew Benning Jake McCabe 32 1 2 2
4 Cam Fowler Adam Larsson 0 1 2 2
PowerPlay Forward
Center Left Wing Right Wing Time % Phy DF OF
1 Pierre-Luc Dubois Gabriel Landeskog Artemi Panarin 50 0 1 4
2 Mikael Granlund Mathew Barzal Cole Caufield 50 0 1 4
PowerPlay Defense
Defense Defense Time % Phy DF OF
1 Nathan MacKinnon Adam Larsson 60 1 1 3
2 Filip Chytil Mark Giordano 40 1 1 3
Penalty Kill 4 Players Forward
Center Wing Time % Phy DF OF
1 Pierre-Luc Dubois Eric Robinson 50 1 3 1
2 David Kampf Tyler Motte 50 1 3 1
Penalty Kill 4 Players Defense
Defense Defense Time % Phy DF OF
1 Matthew Benning Dmitry Kulikov 50 1 3 1
2 Adam Larsson Mark Giordano 50 1 3 1
Penalty Kill - 3 Players Forward
Forward Time % Phy DF OF
1 Pierre-Luc Dubois 50 1 2 2
2 David Kampf 50 1 2 2
Penalty Kill - 3 Players Defense
Defense Defense Time % Phy DF OF
1 Matthew Benning Dmitry Kulikov 50 1 3 1
2 Adam Larsson Mark Giordano 50 1 3 1
4 vs 4 Forward
Center Wing Time % Phy DF OF
1 Nathan MacKinnon Artemi Panarin 50 0 2 3
2 Pierre-Luc Dubois Cole Caufield 50 0 2 3
4 vs 4 Defense
Defense Defense Time % Phy DF OF
1 Cam Fowler Adam Larsson 50 1 2 2
2 Dmitry Kulikov Mark Giordano 50 1 2 2
Last Minutes Offensive
Center Left Wing Right Wing Defense Defense
Nathan MacKinnon Cole Caufield Pierre-Luc Dubois Cam Fowler Adam Larsson
Last Minutes Defensive
Center Left Wing Right Wing Defense Defense
David Kampf Tyler Motte Mikael Granlund Dmitry Kulikov Adam Larsson
Goaltenders
Starting : Igor Shesterkin
Backup : Tristan Jarry
Extra Forwards
Normal : Nathan MacKinnon, Pierre-Luc Dubois, Gabriel Landeskog - PP : Gabriel Landeskog, Cole Caufield - PK : David Kampf
Extra Defensemen
Normal : Matthew Benning, Jake McCabe, Dmitry Kulikov - PP : Matthew Benning - PK : Jake McCabe, Dmitry Kulikov
Penalty Shots
Artemi Panarin, Cole Caufield, Pierre-Luc Dubois, Mark Giordano, David Kampf
% Time on Ice - Minnesota North Stars
Lines # - Real PCT - Wanted PCT - Time Play
Normal Forward
1 - 26% - 29% - 9:09
2 - 27% - 29% - 9:22
3 - 28% - 29% - 9:40
4 - 20% - 13% - 6:58
Normal Defense
1 - 34% - 34% - 11:50
2 - 34% - 33% - 11:49
3 - 33% - 33% - 11:30
4 - 0% - 0% - 0:00
PP Forward
1 - 50% - 50% - 4:33
2 - 50% - 50% - 4:38
PP Defense
1 - 54% - 50% - 4:58
2 - 46% - 50% - 4:13
PK Forward
1 - 50% - 50% - 7:11
2 - 50% - 50% - 7:19
PK Defense
1 - 57% - 50% - 8:14
2 - 43% - 50% - 6:16
PK3 Forward
1 - 50% - 50% - 0:13
2 - 50% - 50% - 0:13
PK3 Defense
1 - 50% - 50% - 0:13
2 - 50% - 50% - 0:13
44 Forward
1 - 52% - 50% - 0:23
2 - 48% - 50% - 0:21
44 Defense
1 - 39% - 50% - 0:17
2 - 61% - 50% - 0:27
Last Minute Offensive - 0:00
Last Minute Defensive - 0:00
Total
Forward - 60:00
Defense - 60:00
|
% Time on Ice - New York Rangers
Lines # - Real PCT - Wanted PCT - Time Play
Normal Forward
1 - 35% - 37% - 12:21
2 - 26% - 30% - 9:09
3 - 23% - 23% - 8:05
4 - 16% - 10% - 5:34
Normal Defense
1 - 34% - 35% - 11:59
2 - 32% - 33% - 11:23
3 - 31% - 32% - 10:44
4 - 3% - 0% - 1:03
PP Forward
1 - 50% - 50% - 7:32
2 - 50% - 50% - 7:24
PP Defense
1 - 60% - 60% - 9:00
2 - 40% - 40% - 5:56
PK Forward
1 - 53% - 50% - 4:50
2 - 47% - 50% - 4:21
PK Defense
1 - 49% - 50% - 4:31
2 - 51% - 50% - 4:40
PK3 Forward
1 - 0% - 50%
2 - 0% - 50%
PK3 Defense
1 - 0% - 50%
2 - 0% - 50%
44 Forward
1 - 45% - 50% - 0:20
2 - 55% - 50% - 0:24
44 Defense
1 - 39% - 50% - 0:17
2 - 61% - 50% - 0:27
Last Minute Offensive - 0:00
Last Minute Defensive - 0:00
Total
Forward - 60:00
Defense - 60:00
|
Play-by-Play
1st period
0:01 of 1st period - Pierre-Luc Dubois wins face-off versus Ryan Nugent-Hopkins in neutral zone.
0:26 of 1st period - Dmitry Kulikov is hit by Rasmus Dahlin.
0:55 of 1st period - Mark Giordano is hit by Adam Lowry and loses puck.
1:12 of 1st period - Wrist shot by David Kampf.
1:12 of 1st period - Shot Misses the Net.
1:20 of 1st period - Wrist shot by Eric Robinson.
1:20 of 1st period - Stopped by Stuart Skinner with a rebound.
1:30 of 1st period - Pierre-Luc Dubois is hit by Frank Vatrano and loses puck.
1:59 of 1st period - Matthew Benning is hit by Rasmus Dahlin and loses puck.
2:40 of 1st period - Wrist shot by Evan Rodrigues.
2:40 of 1st period - Stopped by Igor Shesterkin without a rebound.
2:41 of 1st period - Jonathan Toews wins face-off versus Pierre-Luc Dubois in New York Rangers zone.
2:44 of 1st period - Snap shot by Jonathan Toews.
2:44 of 1st period - Shot Blocked by Cam Fowler.
2:54 of 1st period - Wrist shot by Nathan MacKinnon.
2:54 of 1st period - Shot Blocked by Jonathan Toews.
3:16 of 1st period - Snap shot by Jonathan Toews.
3:16 of 1st period - Shot Blocked by Dmitry Kulikov.
4:06 of 1st period - Snap shot by Artemi Panarin.
4:06 of 1st period - Shot Blocked by Sean Durzi.
4:16 of 1st period - Snap shot by Jonathan Toews.
4:16 of 1st period - Stopped by Igor Shesterkin with a rebound.
4:18 of 1st period - Minor Penalty to Pierre-Luc Dubois for Delaying the game.
4:19 of 1st period - David Kampf wins face-off versus Ryan Nugent-Hopkins in New York Rangers zone.
4:56 of 1st period - Snap shot by Frank Vatrano.
4:56 of 1st period - Shot Blocked by Eric Robinson.
5:32 of 1st period - Matthew Benning is hit by Frank Vatrano and loses puck.
6:11 of 1st period - Ryan Nugent-Hopkins is hit by Mikael Granlund and loses puck.
6:18 of 1st period - Penalty to Pierre-Luc Dubois is over, Pierre-Luc Dubois is back on ice.
6:23 of 1st period - Off-side.
6:24 of 1st period - Mikael Granlund wins face-off versus Jack Hughes in neutral zone.
6:28 of 1st period - Minor Penalty to Sean Durzi for Roughing.
6:29 of 1st period - Pierre-Luc Dubois wins face-off versus Adam Lowry in Minnesota North Stars zone.
6:40 of 1st period - Wrist shot by Artemi Panarin.
6:40 of 1st period - Shot Misses the Net.
6:42 of 1st period - Slapshot by Adam Larsson.
6:42 of 1st period - Shot Blocked by Gustav Forsling.
6:44 of 1st period - Snap shot by Gabriel Landeskog.
6:44 of 1st period - Shot Blocked by Gustav Forsling.
6:46 of 1st period - Snap shot by Nathan MacKinnon.
6:46 of 1st period - Stopped by Stuart Skinner with a rebound.
8:28 of 1st period - Penalty to Sean Durzi is over, Sean Durzi is back on ice.
8:55 of 1st period - Snap shot by Ryan Nugent-Hopkins.
8:55 of 1st period - Shot Blocked by Eric Robinson.
9:33 of 1st period - Snap shot by Jeff Skinner.
9:33 of 1st period - Stopped by Igor Shesterkin with a rebound.
9:35 of 1st period - Snap shot by Evgeni Malkin.
9:35 of 1st period - Stopped by Igor Shesterkin with a rebound.
11:04 of 1st period - Ryan Nugent-Hopkins is hit by Eric Robinson and loses puck.
11:17 of 1st period - Matthew Benning is hit by Evan Rodrigues and loses puck.
11:28 of 1st period - Conor Garland is hit by Zach Parise and loses puck.
12:27 of 1st period - Ryan Nugent-Hopkins is hit by Mark Giordano and loses puck.
12:57 of 1st period - Artemi Panarin is hit by Jamie Oleksiak and loses puck.
13:27 of 1st period - Wrist shot by Conor Garland.
13:27 of 1st period - Shot Blocked by Rasmus Dahlin.
13:51 of 1st period - Ryan Nugent-Hopkins is hit by Adam Larsson and loses puck.
14:18 of 1st period - Icing by Zach Parise.
14:19 of 1st period - Evgeni Malkin wins face-off versus Pierre-Luc Dubois in Minnesota North Stars zone.
14:36 of 1st period - Off-side.
14:37 of 1st period - Ryan Nugent-Hopkins wins face-off versus Mathew Barzal in neutral zone.
14:56 of 1st period - Minor Penalty to Cam Fowler for Holding.
14:57 of 1st period - Evgeni Malkin wins face-off versus David Kampf in New York Rangers zone.
15:28 of 1st period - Dmitry Kulikov is hit by Ryan Nugent-Hopkins.
16:14 of 1st period - Adam Larsson is hit by Evgeni Malkin and loses puck.
16:56 of 1st period - Penalty to Cam Fowler is over, Cam Fowler is back on ice.
18:13 of 1st period - Filip Chytil is hit by Sean Durzi and loses puck.
18:24 of 1st period - Rasmus Dahlin is hit by Gabriel Landeskog.
19:02 of 1st period - Sean Durzi is hit by Adam Larsson and loses puck.
19:17 of 1st period - Neal Pionk is hit by Jake McCabe and loses puck.
19:30 of 1st period - Wrist shot by Mathew Barzal.
19:30 of 1st period - Stopped by Stuart Skinner without a rebound.
19:31 of 1st period - Evgeni Malkin wins face-off versus Mathew Barzal in Minnesota North Stars zone.
19:40 of 1st period - Snap shot by Evgeni Malkin.
19:40 of 1st period - Deflect By Brock Nelson.
19:40 of 1st period - Shot Misses the Net.
19:40 of 1st period - Puck is out of play.
19:41 of 1st period - Evgeni Malkin wins face-off versus Pierre-Luc Dubois in New York Rangers zone.
Goals for this period are 0 for Minnesota North Stars vs 0 for New York Rangers.
Shots for this period are 4 for Minnesota North Stars vs 3 for New York Rangers.
2nd period
0:01 of 2nd period - Zach Parise wins face-off versus Pierre-Luc Dubois in neutral zone.
0:29 of 2nd period - Off-side.
0:30 of 2nd period - Mathew Barzal wins face-off versus Evgeni Malkin in neutral zone.
0:37 of 2nd period - Wrist shot by Cole Caufield.
0:37 of 2nd period - Shot Blocked by Zach Parise.
1:00 of 2nd period - Adam Larsson is hit by Frank Vatrano and loses puck.
1:26 of 2nd period - Snap shot by Gabriel Landeskog.
1:26 of 2nd period - Stopped by Stuart Skinner without a rebound.
1:27 of 2nd period - Nathan MacKinnon wins face-off versus Jack Hughes in Minnesota North Stars zone.
1:38 of 2nd period - Snap shot by Viktor Arvidsson.
1:38 of 2nd period - Shot Misses the Net.
1:54 of 2nd period - Jack Hughes is hit by Jake McCabe and loses puck.
2:05 of 2nd period - Backhand shot by Tyler Motte.
2:05 of 2nd period - Stopped by Stuart Skinner with a rebound.
2:07 of 2nd period - Wrist shot by Eric Robinson.
2:07 of 2nd period - Shot Misses the Net.
2:19 of 2nd period - Snap shot by Mikael Granlund.
2:19 of 2nd period - Shot Misses the Net.
2:21 of 2nd period - Snap shot by Filip Chytil.
2:21 of 2nd period - Shot Misses the Net.
2:23 of 2nd period - Slapshot by Dmitry Kulikov.
2:23 of 2nd period - Stopped by Stuart Skinner with a rebound.
2:25 of 2nd period - Backhand shot by Cam Fowler.
2:25 of 2nd period - Stopped by Stuart Skinner with a rebound.
2:27 of 2nd period - Slapshot by Dmitry Kulikov.
2:27 of 2nd period - Stopped by Stuart Skinner without a rebound.
2:28 of 2nd period - Evgeni Malkin wins face-off versus Pierre-Luc Dubois in Minnesota North Stars zone.
2:35 of 2nd period - Snap shot by Evgeni Malkin.
2:35 of 2nd period - Stopped by Igor Shesterkin with a rebound.
2:38 of 2nd period - Dmitry Kulikov and Brock Nelson fight to a draw.
2:38 of 2nd period - Penalty to Dmitry Kulikov for Fighting.
2:38 of 2nd period - Penalty to Brock Nelson for Fighting.
2:39 of 2nd period - Evgeni Malkin wins face-off versus Pierre-Luc Dubois in New York Rangers zone.
3:46 of 2nd period - Icing by Cole Caufield.
3:47 of 2nd period - Mathew Barzal wins face-off versus Evgeni Malkin in New York Rangers zone.
3:47 of 2nd period - Mathew Barzal is hit by Zach Parise.
3:58 of 2nd period - Backhand shot by Evgeni Malkin.
3:58 of 2nd period - Shot Misses the Net.
4:00 of 2nd period - Slapshot by Jamie Oleksiak.
4:00 of 2nd period - Shot Blocked by Matthew Benning.
4:12 of 2nd period - Tyler Motte is hit by Ryan Nugent-Hopkins and loses puck.
6:02 of 2nd period - Snap shot by Jack Hughes.
6:02 of 2nd period - Shot Blocked by Matthew Benning.
6:46 of 2nd period - Snap shot by Mathew Barzal.
6:46 of 2nd period - Stopped by Stuart Skinner with a rebound.
7:04 of 2nd period - Matthew Benning is hit by Jeff Skinner and loses puck.
7:29 of 2nd period - Snap shot by Nathan MacKinnon.
7:29 of 2nd period - Stopped by Stuart Skinner with a rebound.
7:31 of 2nd period - Snap shot by Nathan MacKinnon.
7:31 of 2nd period - Shot Blocked by Viktor Arvidsson.
7:33 of 2nd period - Slapshot by Cam Fowler.
7:33 of 2nd period - Stopped by Stuart Skinner without a rebound.
7:34 of 2nd period - Adam Lowry wins face-off versus Mikael Granlund in Minnesota North Stars zone.
7:47 of 2nd period - Snap shot by Mikael Granlund.
7:47 of 2nd period - Stopped by Stuart Skinner with a rebound.
7:49 of 2nd period - Snap shot by Filip Chytil.
7:49 of 2nd period - Shot Misses the Net.
9:02 of 2nd period - Sean Durzi is hit by Mikael Granlund and loses puck.
9:17 of 2nd period - Snap shot by Evgeni Malkin.
9:17 of 2nd period - Shot Misses the Net.
9:25 of 2nd period - Wrist shot by Brock Nelson.
9:25 of 2nd period - Stopped by Igor Shesterkin with a rebound.
9:40 of 2nd period - Slapshot by Adam Larsson.
9:40 of 2nd period - Stopped by Stuart Skinner without a rebound.
9:41 of 2nd period - Frank Vatrano wins face-off versus Nathan MacKinnon in Minnesota North Stars zone.
9:41 of 2nd period - Frank Vatrano is hit by Dmitry Kulikov.
9:46 of 2nd period - Minor Penalty to Frank Vatrano for Slashing.
9:47 of 2nd period - Jonathan Toews wins face-off versus Mikael Granlund in Minnesota North Stars zone.
10:33 of 2nd period - Adam Lowry is hit by Adam Larsson and loses puck.
11:23 of 2nd period - Jamie Oleksiak is hit by Pierre-Luc Dubois and loses puck.
11:46 of 2nd period - Penalty to Frank Vatrano is over, Frank Vatrano is back on ice.
11:52 of 2nd period - Adam Lowry is hit by Adam Larsson and loses puck.
12:09 of 2nd period - Minor Penalty to Evgeni Malkin for Tripping.
12:10 of 2nd period - Mikael Granlund wins face-off versus Adam Lowry in Minnesota North Stars zone.
12:25 of 2nd period - Neal Pionk is hit by Mathew Barzal and loses puck.
14:09 of 2nd period - Penalty to Evgeni Malkin is over, Evgeni Malkin is back on ice.
14:27 of 2nd period - Snap shot by Pierre-Luc Dubois.
14:27 of 2nd period - Stopped by Stuart Skinner without a rebound.
14:28 of 2nd period - David Kampf wins face-off versus Evgeni Malkin in Minnesota North Stars zone.
14:29 of 2nd period - Slapshot by Cam Fowler.
14:29 of 2nd period - Shot Misses the Net.
14:31 of 2nd period - Slapshot by Dmitry Kulikov.
14:31 of 2nd period - Shot Blocked by Neal Pionk.
14:33 of 2nd period - Slapshot by Cam Fowler.
14:33 of 2nd period - Shot Misses the Net.
14:35 of 2nd period - Slapshot by Tyler Motte.
14:35 of 2nd period - Goal by Tyler Motte - Minnesota North Stars : 0 - New York Rangers : 1.
14:36 of 2nd period - Ryan Nugent-Hopkins wins face-off versus Mikael Granlund in neutral zone.
14:43 of 2nd period - Snap shot by Ryan Nugent-Hopkins.
14:43 of 2nd period - Stopped by Igor Shesterkin with a rebound.
14:49 of 2nd period - Wrist shot by Filip Chytil.
14:49 of 2nd period - Stopped by Stuart Skinner with a rebound.
14:51 of 2nd period - Slapshot by Matthew Benning.
14:51 of 2nd period - Goal by Matthew Benning - Minnesota North Stars : 0 - New York Rangers : 2.
14:52 of 2nd period - Pierre-Luc Dubois wins face-off versus Jack Hughes in neutral zone.
14:56 of 2nd period - Minor Penalty to Sean Durzi for Goalie Interference.
14:57 of 2nd period - Mikael Granlund wins face-off versus Jonathan Toews in Minnesota North Stars zone.
14:59 of 2nd period - Slapshot by Nathan MacKinnon.
14:59 of 2nd period - Shot Blocked by Jonathan Toews.
15:01 of 2nd period - Snap shot by Cole Caufield.
15:01 of 2nd period - Shot Blocked by Neal Pionk.
16:56 of 2nd period - Penalty to Sean Durzi is over, Sean Durzi is back on ice.
17:44 of 2nd period - Evgeni Malkin is hit by Jake McCabe and loses puck.
18:56 of 2nd period - Mark Giordano is hit by Jeff Skinner and loses puck.
19:19 of 2nd period - Pierre-Luc Dubois is hit by Zach Parise and loses puck.
19:47 of 2nd period - Mikael Granlund is hit by Gustav Forsling and loses puck.
Goals for this period are 0 for Minnesota North Stars vs 2 for New York Rangers.
Shots for this period are 3 for Minnesota North Stars vs 14 for New York Rangers.
3rd period
0:01 of 3rd period - Pierre-Luc Dubois wins face-off versus Jack Hughes in neutral zone.
0:26 of 3rd period - Gabriel Landeskog is hit by Neal Pionk and loses puck.
0:33 of 3rd period - Slapshot by Matthew Benning.
0:33 of 3rd period - Stopped by Stuart Skinner with a rebound.
0:35 of 3rd period - Slapshot by Gabriel Landeskog.
0:35 of 3rd period - Stopped by Stuart Skinner with a rebound.
0:43 of 3rd period - Minor Penalty to Neal Pionk for Slashing.
0:44 of 3rd period - Ryan Nugent-Hopkins wins face-off versus Mikael Granlund in Minnesota North Stars zone.
0:52 of 3rd period - Off-side.
0:53 of 3rd period - Adam Lowry wins face-off versus Cole Caufield in neutral zone.
1:02 of 3rd period - Snap shot by Zach Parise.
1:02 of 3rd period - Stopped by Igor Shesterkin without a rebound.
1:03 of 3rd period - Ryan Nugent-Hopkins wins face-off versus Mikael Granlund in New York Rangers zone.
1:04 of 3rd period - Snap shot by Jonathan Toews.
1:04 of 3rd period - Stopped by Igor Shesterkin with a rebound.
1:29 of 3rd period - Zach Parise is hit by Nathan MacKinnon and loses puck.
1:34 of 3rd period - Slapshot by Artemi Panarin.
1:34 of 3rd period - Shot Misses the Net.
1:36 of 3rd period - Wrist shot by Artemi Panarin.
1:36 of 3rd period - Stopped by Stuart Skinner without a rebound.
1:37 of 3rd period - Jonathan Toews wins face-off versus Pierre-Luc Dubois in Minnesota North Stars zone.
1:47 of 3rd period - Icing by Mark Giordano.
1:48 of 3rd period - Ryan Nugent-Hopkins wins face-off versus Pierre-Luc Dubois in New York Rangers zone.
1:58 of 3rd period - Minor Penalty to Gabriel Landeskog for Goalie Interference.
1:59 of 3rd period - Nathan MacKinnon wins face-off versus Ryan Nugent-Hopkins in New York Rangers zone.
2:03 of 3rd period - Slapshot by Nathan MacKinnon.
2:03 of 3rd period - Deflect By Artemi Panarin.
2:03 of 3rd period - Deflect By Ryan Nugent-Hopkins.
2:03 of 3rd period - Shot Blocked by Rasmus Dahlin.
2:03 of 3rd period - Puck is out of play.
2:04 of 3rd period - Ryan Nugent-Hopkins wins face-off versus Nathan MacKinnon in Minnesota North Stars zone.
2:13 of 3rd period - Slapshot by Brandon Montour.
2:13 of 3rd period - Shot Blocked by Adam Larsson.
2:15 of 3rd period - Snap shot by Ryan Nugent-Hopkins.
2:15 of 3rd period - Stopped by Igor Shesterkin without a rebound.
2:16 of 3rd period - Pierre-Luc Dubois wins face-off versus Jack Hughes in New York Rangers zone.
2:43 of 3rd period - Penalty to Neal Pionk is over, Neal Pionk is back on ice.
2:43 of 3rd period - Jamie Oleksiak is hit by Mark Giordano and loses puck.
2:50 of 3rd period - Snap shot by Nathan MacKinnon.
2:50 of 3rd period - Shot Misses the Net.
3:11 of 3rd period - Wrist shot by Evgeni Malkin.
3:11 of 3rd period - Shot Misses the Net.
3:17 of 3rd period - Snap shot by Ryan Nugent-Hopkins.
3:17 of 3rd period - Shot Blocked by Dmitry Kulikov.
3:19 of 3rd period - Snap shot by Evgeni Malkin.
3:19 of 3rd period - Stopped by Igor Shesterkin without a rebound.
3:20 of 3rd period - Evgeni Malkin wins face-off versus Pierre-Luc Dubois in New York Rangers zone.
3:25 of 3rd period - Wrist shot by Evgeni Malkin.
3:25 of 3rd period - Stopped by Igor Shesterkin with a rebound.
3:37 of 3rd period - Mark Giordano is hit by Brandon Montour and loses puck.
3:53 of 3rd period - Adam Larsson is hit by Jamie Oleksiak.
3:58 of 3rd period - Penalty to Gabriel Landeskog is over, Gabriel Landeskog is back on ice.
4:37 of 3rd period - Eric Robinson is hit by Frank Vatrano and loses puck.
4:46 of 3rd period - Snap shot by Evgeni Malkin.
4:46 of 3rd period - Shot Misses the Net.
4:50 of 3rd period - Wrist shot by Frank Vatrano.
4:50 of 3rd period - Stopped by Igor Shesterkin without a rebound.
4:51 of 3rd period - Jack Hughes wins face-off versus Mikael Granlund in New York Rangers zone.
5:03 of 3rd period - Conor Garland is hit by Rasmus Dahlin and loses puck.
5:23 of 3rd period - Slapshot by Neal Pionk.
5:23 of 3rd period - Deflect By Mathew Barzal.
5:23 of 3rd period - Stopped by Igor Shesterkin without a rebound.
5:24 of 3rd period - Jonathan Toews wins face-off versus Mathew Barzal in New York Rangers zone.
5:27 of 3rd period - Slapshot by Eeli Tolvanen.
5:27 of 3rd period - Deflect By Artemi Panarin.
5:27 of 3rd period - Shot Misses the Net.
5:27 of 3rd period - Puck is out of play.
5:28 of 3rd period - Artemi Panarin wins face-off versus Jack Hughes in New York Rangers zone.
5:40 of 3rd period - Slapshot by Artemi Panarin.
5:40 of 3rd period - Stopped by Stuart Skinner with a rebound.
5:42 of 3rd period - Slapshot by Matthew Benning.
5:42 of 3rd period - Shot Blocked by Neal Pionk.
5:44 of 3rd period - Slapshot by Matthew Benning.
5:44 of 3rd period - Stopped by Stuart Skinner with a rebound.
5:54 of 3rd period - Snap shot by Jonathan Toews.
5:54 of 3rd period - Deflect By Eeli Tolvanen.
5:54 of 3rd period - Shot Blocked by Mikael Granlund.
5:54 of 3rd period - Puck is out of play.
5:55 of 3rd period - Mikael Granlund wins face-off versus Jonathan Toews in New York Rangers zone.
5:55 of 3rd period - Mikael Granlund is hit by Jonathan Toews.
6:17 of 3rd period - Minor Penalty to Rasmus Dahlin for High sticking.
6:18 of 3rd period - Mikael Granlund wins face-off versus Jonathan Toews in Minnesota North Stars zone.
6:21 of 3rd period - Snap shot by Mathew Barzal.
6:21 of 3rd period - Goal by Mathew Barzal - Minnesota North Stars : 0 - New York Rangers : 3.
6:22 of 3rd period - Pierre-Luc Dubois wins face-off versus Ryan Nugent-Hopkins in neutral zone.
6:27 of 3rd period - Snap shot by Nathan MacKinnon.
6:27 of 3rd period - Deflect By Artemi Panarin.
6:27 of 3rd period - Stopped by Stuart Skinner with a rebound.
6:29 of 3rd period - Wrist shot by Pierre-Luc Dubois.
6:29 of 3rd period - Shot Blocked by Jeff Skinner.
6:31 of 3rd period - Snap shot by Nathan MacKinnon.
6:31 of 3rd period - Shot Misses the Net.
6:33 of 3rd period - Slapshot by Nathan MacKinnon.
6:33 of 3rd period - Stopped by Stuart Skinner without a rebound.
6:34 of 3rd period - Ryan Nugent-Hopkins wins face-off versus Mathew Barzal in Minnesota North Stars zone.
6:34 of 3rd period - Minor Penalty to Jeff Skinner for Boarding.
6:35 of 3rd period - Jonathan Toews wins face-off versus Mikael Granlund in Minnesota North Stars zone.
7:06 of 3rd period - Slapshot by Rasmus Dahlin.
7:06 of 3rd period - Stopped by Igor Shesterkin without a rebound.
7:07 of 3rd period - Adam Lowry wins face-off versus Pierre-Luc Dubois in New York Rangers zone.
7:14 of 3rd period - Slapshot by Zach Parise.
7:14 of 3rd period - Stopped by Igor Shesterkin with a rebound.
7:16 of 3rd period - Wrist shot by Adam Lowry.
7:16 of 3rd period - Stopped by Igor Shesterkin with a rebound.
7:18 of 3rd period - Snap shot by Zach Parise.
7:18 of 3rd period - Shot Misses the Net.
7:50 of 3rd period - Snap shot by Artemi Panarin.
7:50 of 3rd period - Stopped by Stuart Skinner without a rebound.
7:51 of 3rd period - Adam Lowry wins face-off versus Mikael Granlund in Minnesota North Stars zone.
8:02 of 3rd period - Slapshot by Nathan MacKinnon.
8:02 of 3rd period - Stopped by Stuart Skinner without a rebound.
8:03 of 3rd period - Mikael Granlund wins face-off versus Jonathan Toews in Minnesota North Stars zone.
8:07 of 3rd period - Double Minor Penalty to Rasmus Dahlin for Roughing.
8:08 of 3rd period - Adam Lowry wins face-off versus Mikael Granlund in Minnesota North Stars zone.
8:10 of 3rd period - Slapshot by Nathan MacKinnon.
8:10 of 3rd period - Shot Blocked by Sean Durzi.
8:18 of 3rd period - Snap shot by Mikael Granlund.
8:18 of 3rd period - Shot Misses the Net.
8:20 of 3rd period - Wrist shot by Mathew Barzal.
8:20 of 3rd period - Deflect By Cole Caufield.
8:20 of 3rd period - Shot Misses the Net.
8:20 of 3rd period - Puck is out of play.
8:21 of 3rd period - Jonathan Toews wins face-off versus Mikael Granlund in Minnesota North Stars zone.
8:34 of 3rd period - Penalty to Jeff Skinner is over, Jeff Skinner is back on ice.
8:56 of 3rd period - Wrist shot by Artemi Panarin.
8:56 of 3rd period - Shot Misses the Net.
11:53 of 3rd period - Snap shot by Cam Fowler.
11:53 of 3rd period - Shot Blocked by Gustav Forsling.
11:55 of 3rd period - Snap shot by Cam Fowler.
11:55 of 3rd period - Stopped by Stuart Skinner without a rebound.
11:56 of 3rd period - David Kampf wins face-off versus Jonathan Toews in Minnesota North Stars zone.
11:59 of 3rd period - Slapshot by Conor Garland.
11:59 of 3rd period - Stopped by Stuart Skinner with a rebound.
12:07 of 3rd period - Penalty to Rasmus Dahlin is over, Rasmus Dahlin is back on ice.
12:19 of 3rd period - Snap shot by Jack Hughes.
12:19 of 3rd period - Shot Misses the Net.
12:21 of 3rd period - Slapshot by Sean Durzi.
12:21 of 3rd period - Shot Misses the Net.
12:23 of 3rd period - Wrist shot by Jack Hughes.
12:23 of 3rd period - Deflect By Matthew Benning.
12:23 of 3rd period - Shot Misses the Net.
12:23 of 3rd period - Puck is out of play.
12:24 of 3rd period - Mikael Granlund wins face-off versus Jack Hughes in New York Rangers zone.
13:13 of 3rd period - Icing by Adam Lowry.
13:14 of 3rd period - Pierre-Luc Dubois wins face-off versus Jack Hughes in Minnesota North Stars zone.
13:17 of 3rd period - Wrist shot by Artemi Panarin.
13:17 of 3rd period - Stopped by Stuart Skinner without a rebound.
13:18 of 3rd period - Pierre-Luc Dubois wins face-off versus Ryan Nugent-Hopkins in Minnesota North Stars zone.
13:35 of 3rd period - Slapshot by Ryan Nugent-Hopkins.
13:35 of 3rd period - Stopped by Igor Shesterkin with a rebound.
13:53 of 3rd period - Adam Larsson is hit by Gustav Forsling and loses puck.
13:56 of 3rd period - Wrist shot by Mathew Barzal.
13:56 of 3rd period - Stopped by Stuart Skinner without a rebound.
13:57 of 3rd period - Ryan Nugent-Hopkins wins face-off versus Filip Chytil in Minnesota North Stars zone.
13:59 of 3rd period - Minor Penalty to Gustav Forsling for Roughing.
14:00 of 3rd period - Pierre-Luc Dubois wins face-off versus Jonathan Toews in Minnesota North Stars zone.
14:06 of 3rd period - Backhand shot by Pierre-Luc Dubois.
14:06 of 3rd period - Shot Misses the Net.
14:08 of 3rd period - Slapshot by Artemi Panarin.
14:08 of 3rd period - Goal by Artemi Panarin - Minnesota North Stars : 0 - New York Rangers : 4.
14:09 of 3rd period - Pierre-Luc Dubois wins face-off versus Ryan Nugent-Hopkins in neutral zone.
14:22 of 3rd period - Snap shot by Jeff Skinner.
14:22 of 3rd period - Goal by Jeff Skinner - Minnesota North Stars : 1 - New York Rangers : 4.
14:23 of 3rd period - Pierre-Luc Dubois wins face-off versus Ryan Nugent-Hopkins in neutral zone.
15:04 of 3rd period - Off-side.
15:05 of 3rd period - Jack Hughes wins face-off versus Mikael Granlund in neutral zone.
15:14 of 3rd period - Snap shot by Jack Hughes.
15:14 of 3rd period - Stopped by Igor Shesterkin with a rebound.
15:16 of 3rd period - Snap shot by Sean Durzi.
15:16 of 3rd period - Shot Blocked by Adam Larsson.
15:18 of 3rd period - Slapshot by Jack Hughes.
15:18 of 3rd period - Shot Blocked by Adam Larsson.
15:20 of 3rd period - Wrist shot by Jack Hughes.
15:20 of 3rd period - Stopped by Igor Shesterkin with a rebound.
15:28 of 3rd period - Minor Penalty to Mark Giordano for Tripping.
15:29 of 3rd period - David Kampf wins face-off versus Evgeni Malkin in New York Rangers zone.
17:28 of 3rd period - Penalty to Mark Giordano is over, Mark Giordano is back on ice.
17:41 of 3rd period - Minor Penalty to Filip Chytil for Tripping.
17:42 of 3rd period - Ryan Nugent-Hopkins wins face-off versus David Kampf in New York Rangers zone.
17:44 of 3rd period - Snap shot by Jeff Skinner.
17:44 of 3rd period - Shot Misses the Net.
18:33 of 3rd period - Snap shot by Evgeni Malkin.
18:33 of 3rd period - Deflect By Frank Vatrano.
18:33 of 3rd period - Stopped by Igor Shesterkin with a rebound.
18:53 of 3rd period - Brandon Montour is hit by Tyler Motte and loses puck.
19:41 of 3rd period - Penalty to Filip Chytil is over, Filip Chytil is back on ice.
19:50 of 3rd period - Wrist shot by Conor Garland.
19:50 of 3rd period - Stopped by Stuart Skinner without a rebound.
19:51 of 3rd period - Jonathan Toews wins face-off versus Mikael Granlund in Minnesota North Stars zone.
Goals for this period are 1 for Minnesota North Stars vs 2 for New York Rangers.
Shots for this period are 15 for Minnesota North Stars vs 16 for New York Rangers.
Back to the Top